 Dungeon Sprint DCSS version 0.30-a0-777-ga9a30cbeda (webtiles) character file.

Game seed: 405868952590495161

45 Hubris850 the Insei (level 3, -5/27 HPs)
             Began as a Merfolk Transmuter on Feb 13, 2023.
             Was a Believer of Makhleb.
             Slain by a black bear (7 damage)
             ... in the Dungeon (Sprint VII: "The Pits").
             The game lasted 00:02:35 (288 turns).

Hubris850 the Insei (Merfolk Transmuter)             Turns: 288, Time: 00:02:35

Health: -5/27      AC:  2    Str: 10    XL:     3   Next: 64%
Magic:  6/6        EV: 13    Int: 14    God:    Makhleb [**....]
Gold:   0          SH:  0    Dex: 14    Spells: 6/7 levels left

rFire   . . .      SeeInvis .      - Unarmed
rCold   . . .      Faith    .    (no shield)
rNeg    . . .      Spirit   .    a - +0 robe
rPois   .          Reflect  .    (no helmet)
rElec   .          Harm     .    (no cloak)
rCorr   .          Rampage  .    (no gloves)
Will    .....      NoTele   +    (no boots)
Stlth   +                        (no amulet)
HPRegen 0.24/turn                (no ring)
MPRegen 0.10/turn                (no ring)

@: no status effects
A: (nimble swimmer 2), mertail
a: Renounce Religion, Minor Destruction


You were in the Dungeon.
You worshipped Makhleb.
Makhleb was pleased with you.
You visited 1 branch

Inventory:

Hand Weapons
 l - a +2 long sword of flaming
 n - a +0 dagger of electrocution
Armour
 a - a +0 robe (worn)
 m - a +3 ring mail
Scrolls
 h - a scroll of blinking
 j - 5 scrolls of amnesia
 k - a scroll of butterflies
Potions
 b - a potion of lignification
 c - 6 potions of curing
 d - 5 potions of heal wounds
 e - a potion of haste
 f - 4 potions of magic
 g - 2 potions of berserk rage
 i - 2 potions of invisibility


   Skills:
 - Level 2.0 Fighting
 - Level 3.5 Dodging
 - Level 7.0 Unarmed Combat
 + Level 2.5 Spellcasting
 + Level 3.5 Transmutations
 + Level 1.6 Ice Magic


You had 6 spell levels left.
You knew the following spells:

 Your Spells              Type           Power      Damage    Failure   Level
a - Beastly Appendage     Tmut           22%        N/A       5%          1

Your spell library contained the following spells:

 Spells                   Type           Power      Damage    Failure   Level
 Wereblood                Tmut           11%        N/A       8%          2
 Spider Form              Tmut/Pois      6%         N/A       32%         3
 Ice Form                 Ice/Tmut       9%         N/A       61%         4


Dungeon Overview and Level Annotations

Branches:
Dungeon (1/1)

Altars:
Ashenzari
Cheibriados
Dithmenos
Elyvilon
Fedhas
Gozag
Hepliaklqana
Kikubaaqudgha
Makhleb
Nemelex Xobeh
Okawaru
Qazlal
Ru
Sif Muna
Trog
Uskayaw
Vehumet
Wu Jian
Xom
Yredelemnul
Zin
The Shining One
Jiyva
Lugonu


Innate Abilities, Weirdness & Mutations

((You are very nimble when in or above water. (Stealth+, EV+, Speed+++)))
Your lower body shifts to a powerful aquatic tail in water.


Message History

You hit the black bear. You headbutt the black bear!
The black bear is heavily wounded.
The black bear closely misses you. The black bear claws you.
The black bear barely misses you.
You hit the black bear.
You headbutt the black bear, but do no damage.
The black bear is heavily wounded.
The black bear barely misses you. The black bear claws you.
The black bear misses you.
You hit the black bear but do no damage.
You headbutt the black bear.
The black bear is heavily wounded.
You barely miss the black bear.
You headbutt the black bear, but do no damage.
The black bear is heavily wounded.
The black bear bites you.
* * * LOW HITPOINT WARNING * * *
The black bear closely misses you. The black bear claws you.
* * * LOW HITPOINT WARNING * * *
You feel much better. The black bear misses you.
The black bear closely misses you. The black bear misses you.
You hit the black bear but do no damage.
The black bear is heavily wounded.
The black bear bites you but does no damage.
The black bear barely misses you. x2
You hit the black bear but do no damage.
Your headbutt misses the black bear.
The black bear is heavily wounded.
The black bear bites you. The black bear claws you.
The black bear closely misses you.
You hit the black bear.
The black bear is severely wounded.
The black bear goes berserk!
You hit the black bear.
The black bear is almost dead.
Your horns disappear.
The black bear bites you! The black bear claws you!
* * * LOW HITPOINT WARNING * * *
The black bear claws you!
You die...

#_______...#######
##########'##.....
#.?(.')))'.##.....
##########.##.....
#...........'.....
#'#####'#####.....
#.#..#...'.##.....
#.#..#...#.#####'#
#@#..#####.##.....
#h#..'...#†##.....
#.#..'.†.†.##.....
#.#..########...<.
#.#..'.)))[##.....
#.#..#..)..##.....
#'###########.....
#....5..# ######
#..#.#..#


You could see a black bear (berserk).

Vanquished Creatures
  An iron imp (D)
  2 ufetubi (D)
  2 giant cockroaches (D)
  A ball python (D)
  3 bats (D)
  A rat (D)
10 creatures vanquished.

Notes
Turn   | Place    | Note
-------+----------+-------------------------------------------
     0 | D        | Hubris850 the Merfolk Transmuter began the quest for the
                  | Orb.
     0 | D        | Reached XP level 1. HP: 15/15 MP: 3/3
    39 | D        | Found a bloodstained altar of Trog.
    39 | D        | Found a shimmering blue altar of Sif Muna.
    39 | D        | Found a viscous altar of Jiyva.
    39 | D        | Found a hazy altar of Hepliaklqana.
    39 | D        | Found an opulent altar of Gozag.
    40 | D        | Found a glowing golden altar of the Shining One.
    40 | D        | Found a glowing silver altar of Zin.
    40 | D        | Found a basalt altar of Yredelemnul.
    40 | D        | Found a shimmering altar of Xom.
    40 | D        | Found an ornate altar of the Wu Jian Council.
    40 | D        | Found a sacrificial altar of Ru.
    40 | D        | Found a stormy altar of Qazlal.
    40 | D        | Found an iron altar of Okawaru.
    40 | D        | Found a sparkling altar of Nemelex Xobeh.
    40 | D        | Found a burning altar of Makhleb.
    40 | D        | Found a blossoming altar of Fedhas.
    40 | D        | Found a white marble altar of Elyvilon.
    40 | D        | Found a shadowy altar of Dithmenos.
    40 | D        | Found a snail-covered altar of Cheibriados.
    42 | D        | Found a corrupted altar of Lugonu.
    42 | D        | Found a radiant altar of Vehumet.
    43 | D        | Found an ancient bone altar of Kikubaaqudgha.
    43 | D        | Found a hide-covered altar of Uskayaw.
    43 | D        | Found a broken altar of Ashenzari.
    49 | D        | Became a worshipper of Makhleb the Destroyer
    86 | D        | Reached * piety under Makhleb
    92 | D        | Reached skill level 4 in Unarmed Combat
   106 | D        | Noticed an iron imp
   117 | D        | Reached ** piety under Makhleb
   127 | D        | Killed an iron imp
   128 | D        | Reached skill level 7 in Unarmed Combat
   128 | D        | Reached XP level 2. HP: 16/22 MP: 5/5
   128 | D        | Reached XP level 3. HP: 19/27 MP: 6/6
   130 | D        | Reached skill level 1 in Ice Magic
   266 | D        | Noticed a black bear
   288 | D        | Slain by a black bear

Illustrated notes

Levels and vault maps discovered:
D:        pitsprint [storerooms_1, entrance_room_1, metal_vault_6, armoury_1,
          mini_pit_1, grid_room_1, main_hall_1, silver_pit, the_coven_3,
          the_vestibule_1, steel_vault_2, golden_pit, hallway_of_sentries,
          crystal_vault_1, iron_vault_1, final_vault]

Skill      XL: |  1  2  3 |
---------------+----------+-----
Dodging        | 3 |  3.5
Fighting       | 2 |  2.0
Unarmed Combat | 7 |  7.0
Transmutations | 3 |  3.5
Ice Magic      | 1 |  1.6
Spellcasting   | |  2.5

Action                     || total
---------------------------++-------
  Melee: Unarmed           ||    44
         Punch             ||     3
         Headbutt          ||     8
         Dagger            ||     5
   Cast: Beastly Appendage ||     5
    Use: Potion            ||     2
 Armour: Robe              ||    13
  Dodge: Dodged            ||    48

Table legend: (Time is in decaauts)
 A = Elapsed time spent in this place.
 B = Non-inter-level travel time spent in this place.
 C = Inter-level travel time spent in this place.
 D = Time resting spent in this place.
 E = Time spent auto-exploring this place.
 F = Levels seen in this place.
 G = Mean time per level.
                   A        B        C        D        E       F      G
               +--------+--------+--------+--------+--------+-----+--------+
         Total |    288 |    288 |      0 |     54 |      0 |   1 |  288.0 |
       Dungeon |    288 |    288 |      0 |     54 |      0 |   1 |  288.0 |
               +--------+--------+--------+--------+--------+-----+--------+

Top non-repeatable levels by time:
       D: 288 daAuts
